 Dungeon Crawl Stone Soup version 0.29.0-4-gdea44cf6ec (webtiles) character file.

Game seed: 11205551123650322359

907 qw the Cleaver (level 8, -4/46 HPs)
             Began as a Tengu Warper on Aug 28, 2022.
             Was an Initiate of Okawaru.
             Splashed by a jelly's acid (8 damage)
             ... on level 5 of the Dungeon.
             The game lasted 00:00:34 (7103 turns).

qw the Cleaver (Tengu Warper)                       Turns: 7103, Time: 00:00:35

Health: -4/46      AC:  2    Str: 14    XL:     8   Next: 8%
Magic:  12/12      EV:  8    Int: 14    God:    Okawaru [......]
Gold:   306        SH:  0    Dex: 13    Spells: 11/11 levels left

rFire   . . .      SeeInvis .   Y - +0 war axe
rCold   . . .      Faith    .   (no shield)
rNeg    . . .      Spirit   .   j - +0 chain mail
rPois   .          Reflect  .   (helmet restricted)
rElec   .          Harm     .   i - +0 cloak
rCorr   .          Rampage  .   (no gloves)
Will    .....                   (boots unavailable)
Stlth   ..........              (no amulet)
HPRegen 0.15/turn               (no ring)
MPRegen 0.13/turn               (no ring)

@: corroded, flying quickly and evasively, quick
A: beak, talons 3, nimble flight
a: Renounce Religion


You were on level 5 of the Dungeon.
You worshipped Okawaru.
Okawaru was noncommittal.
You visited 2 branches of the dungeon, and saw 6 of its levels.

You collected 306 gold pieces.


Innate Abilities, Weirdness & Mutations

You have a beak for a mouth.
You have claws for feet.
Your magical nature lets you fly swiftly and evasively.


   Skills:
 + Level 3.0 Fighting
 - Level 9.2 Axes
 - Level 1.0 Throwing
 - Level 3.2 Armour
 - Level 2.1 Dodging
 - Level 2.0 Spellcasting
 - Level 2.4 Translocations


You had 11 spell levels left.
You didn't know any spells.
Your spell library contained the following spells:

 Spells                   Type           Power      Damage    Failure   Level
 Blink                    Tloc           16%        N/A       97%         2
 Gell's Gravitas          Tloc           8%         N/A       100%        3
 Lesser Beckoning         Tloc           8%         N/A       100%        3
 Teleport Other           Tloc           8%         N/A       100%        3
 Manifold Assault         Tloc           8%         N/A       100%        5

Inventory:

Hand Weapons
 h - a +0 flail
 Y - a +0 war axe (weapon)
Armour
 i - a +0 cloak (worn)
 j - a +0 chain mail (worn)
Scrolls
 a - a scroll of identify
 b - a scroll of enchant armour {unknown}
Potions
 d - a potion of might
 f - a potion of haste {unknown}
 g - a potion of flight {unknown}
 l - a potion of heal wounds {unknown}
 m - a potion of berserk rage {unknown}
 o - a potion of curing {unknown}

Dungeon Overview and Level Annotations

Branches:
Dungeon (5/15)             Temple (1/1) D:5

Altars:
Ashenzari
Cheibriados
Dithmenos
Elyvilon
Fedhas
Gozag
Kikubaaqudgha
Nemelex Xobeh
Okawaru
Qazlal
Ru
Sif Muna
Vehumet
Xom
The Shining One

Shops:
D:4 =

Annotations:
D:5 3 runed translucent doors, qw's ghost, amateur TeWr


Message History

You feel sick.
The scorpion stings you but does no damage.
You slash the scorpion!
You kill the scorpion!
Okawaru accepts your kill.
You feel very sick.
Your Axes skill increases to level 9!
You start resting.
You feel sick. x7
You are no longer poisoned.
HP restored.
You see here a scorpion corpse.
Found a stone staircase leading down.
There is a stone staircase leading down here.
There is a stone staircase leading down here.
You set off the alarm!
The alarm trap emits a blaring wail!
A sentinel's mark forms upon you.
A jelly comes into view.
You hit the jelly.
Your hands burn!
The jelly is lightly wounded.
The jelly completely misses you.
You hit the jelly. The acid corrodes you!
Your hands burn!
The jelly is lightly wounded.
The jelly hits you.
You are splashed with acid!
You slash the jelly!
Your hands burn!
The jelly is heavily wounded.
The jelly hits you but does no damage.
You hit the jelly but do no damage.
Your hands burn!
You peck the jelly.
The jelly is heavily wounded.
The jelly hits you but does no damage.
You hit the jelly.
Your hands burn!
You claw the jelly.
The jelly is severely wounded.
The jelly hits you. The acid corrodes you!
You are splashed with acid!
You hit the jelly. The acid corrodes you!
Your hands burn!
You peck the jelly, but do no damage.
The jelly is severely wounded.
The sentinel's mark upon you fades away.
The jelly hits you.
You are splashed with acid!
You die...

#.# ##...###...# #.# #####
##.....##...# ##.### #...#
#.......#...# #....# #...#
#...)...'...' #....###...#
#.......#...# #....#.....#
##.....##...# #....#.....#
##...###...# #....#.....# #####
#...# #....#....@# ##...###...#
#%...#....J# ##.....##...#
#....###...####.......#...#
#....# #......#.......)...)
##....# ##.###.#.......#...#
#.....# #.# #.##.....##...#
#.....####.###.###...###...#
#..............# ##### #...#
#####....#..###.######...###...#


You could see a jelly.

Vanquished Creatures
  A black bear (D:4)
  An ogre (D:5)
  A centaur (D:5)
  3 scorpions
  A necrophage (D:4)
  A gnoll bouda (D:5)
  3 hounds
  An iguana (D:5)
  4 gnolls (D:3)
  5 adders
  3 shadow imps (D:4)
  6 white imps
  5 ufetubi (D:4)
  A worm (D:5)
  6 dart slugs
  3 orcs
  6 bats
  8 endoplasms
  5 giant cockroaches
  5 goblins
  5 hobgoblins
  4 jackals (D:3)
  7 kobolds
  7 quokkas
  4 ball pythons
  6 frilled lizards
  7 rats
109 creatures vanquished.

Vanquished Creatures (others)
  7 demonic plants (D:4)
  3 plants (D:1)
10 creatures vanquished.

Grand Total: 119 creatures vanquished

Notes
Turn   | Place    | Note
-------+----------+-------------------------------------------
     0 | D:1      | qw the Tengu Warper began the quest for the Orb.
     0 | D:1      | Reached XP level 1. HP: 12/12 MP: 4/4
     0 | D:1      | 0 ||| qw: Version: 0.1-a-89-g26bdef1
     0 | D:1      | 0 ||| qw: Game counter: 3335
     0 | D:1      | 0 ||| qw: Always use a shield: true
     0 | D:1      | 0 ||| qw: God list: Okawaru
     0 | D:1      | 0 ||| qw: Allow faded altars: false
     0 | D:1      | 0 ||| qw: Do Orc after D:15 true
     0 | D:1      | 0 ||| qw: Do second Lair branch before Depths: true
     0 | D:1      | 0 ||| qw: Lair rune preference: random
     0 | D:1      | 0 ||| qw: Plans: Normal
     0 | D:1      | 0 ||| PLANNING D:1-11
   296 | D:1      | Reached skill level 3 in Axes
   296 | D:1      | Reached XP level 2. HP: 11/17 MP: 6/6
   910 | D:1      | Reached XP level 3. HP: 21/21 MP: 7/7
  1053 | D:1      | 1053 ||| UPGRADING to +0 ring mail.
  1063 | D:1      | 1063 ||| DROPPING +0 leather armour.
  1064 | D:1      | 1064 ||| UPGRADING to +0 chain mail.
  1074 | D:1      | 1074 ||| DROPPING +0 ring mail.
  1075 | D:1      | 1075 ||| READING scroll labelled ULOAHO IMUX.
  1076 | D:1      | 1076 ||| READING scroll labelled JASICYUCOUL.
  1192 | D:1      | 1192 ||| READING scroll labelled QEASOI YLITH.
  1193 | D:1      | 1193 ||| READING scroll labelled JOFI NYFFEY.
  1194 | D:1      | 1194 ||| READING scroll labelled XIPHEO TAPLIKK.
  1195 | D:1      | 1195 ||| DROPPING scroll of blinking.
  1320 | D:2      | Reached skill level 4 in Axes
  1513 | D:2      | Found a glowing golden altar of the Shining One.
  1563 | D:2      | 1563 ||| DROPPING +0 club.
  1594 | D:2      | 1594 ||| READING scroll labelled AKOLER YSOAGYQ.
  1678 | D:2      | Reached XP level 4. HP: 26/26 MP: 8/8
  1879 | D:2      | 1879 ||| READING scroll labelled BICEAW EDEPTUNYTHRE.
  1916 | D:3      | 1916 ||| Stepping ~*~*~tactically~*~*~ (stealth).
  1932 | D:3      | Reached skill level 5 in Axes
  2141 | D:3      | Gained mutation: Your magical nature lets you fly swiftly
                  | and evasively. [Tengu growth]
  2141 | D:3      | Reached XP level 5. HP: 29/30 MP: 9/9
  2232 | D:3      | Found a sparkling altar of Nemelex Xobeh.
  2337 | D:3      | 2337 ||| SWAPPING to +4 hand axe.
  2342 | D:3      | 2342 ||| DROPPING +0 hand axe of draining.
  2565 | D:3      | 2565 ||| Stepping ~*~*~tactically~*~*~ (hiding).
  2805 | D:3      | 2805 ||| UPGRADING to +0 cloak.
  2810 | D:3      | 2810 ||| DROPPING +6 ring of intelligence.
  2811 | D:3      | 2811 ||| READING scroll labelled KYUHUTEMOA.
  2812 | D:3      | 2812 ||| READING 3 scrolls labelled FAEXA MEURAU.
  2813 | D:3      | 2813 ||| DROPPING 2 scrolls of noise.
  2814 | D:3      | 2814 ||| Stepping randomly (stuck).
  2815 | D:3      | 2815 ||| Stepping ~*~*~tactically~*~*~ (cloud).
  3062 | D:4      | 3062 ||| FLEEEEING.
  3066 | D:4      | 3066 ||| STAIRDANCE
  3107 | D:4      | 3107 ||| STAIRDANCE
  3184 | D:4      | Reached skill level 6 in Axes
  3437 | D:4      | 3437 ||| Stepping ~*~*~tactically~*~*~ (hiding).
  3438 | D:4      | 3438 ||| Stepping ~*~*~tactically~*~*~ (hiding).
  3447 | D:4      | Reached XP level 6. HP: 26/35 MP: 10/10
  3574 | D:4      | 3574 ||| Stepping ~*~*~tactically~*~*~ (stealth).
  3575 | D:4      | 3575 ||| SWAPPING to +0 war axe.
  3576 | D:4      | 3576 ||| DROPPING +4 hand axe.
  3586 | D:4      | 3586 ||| Stepping ~*~*~tactically~*~*~ (stealth).
  3775 | D:4      | Noticed a black bear
  3780 | D:4      | Killed a black bear
  3781 | D:4      | Reached skill level 7 in Axes
  3878 | D:4      | 3878 ||| FLEEEEING.
  3879 | D:4      | 3879 ||| FLEEEEING.
  3880 | D:4      | 3880 ||| FLEEEEING.
  3881 | D:4      | 3881 ||| FLEEEEING.
  3916 | D:4      | 3916 ||| FLEEEEING.
  3917 | D:4      | 3917 ||| FLEEEEING.
  3919 | D:4      | 3919 ||| STAIRDANCE
  3965 | D:3      | 3965 ||| READING scroll labelled BISUTAMOPH.
  4019 | D:4      | Reached skill level 3 in Fighting
  4154 | D:4      | 4154 ||| DROPPING +0 whip.
  4210 | D:4      | Reached XP level 7. HP: 24/41 MP: 11/11
  4384 | D:4      | Found Ynae's Jewellery Emporium.
  4392 | D:4      | 4392 ||| SHOPLISTING +4 ring of evasion (432 gold, have
                  | 187).
  4392 | D:4      | 4392 ||| SHOPLISTING amulet of regeneration (360 gold, have
                  | 187).
  4392 | D:4      | 4392 ||| SHOPLISTING ring "Buxohebo" {Str+4 Int+6} (616
                  | gold, have 187).
  4392 | D:4      | 4392 ||| SHOPLISTING ring of ice (300 gold, have 187).
  4392 | D:4      | 4392 ||| SHOPLISTING ring of poison resistance (240 gold,
                  | have 187).
  4493 | D:4      | Found a blossoming altar of Fedhas.
  4623 | D:4      | 4623 ||| READING scroll labelled CUNGAD VOATAA.
  4624 | D:4      | 4624 ||| DRINKING 2 brown potions.
  4700 | D:4      | 4700 ||| READING scroll of teleportation.
  4701 | D:4      | 4701 ||| STAIRDANCE
  4723 | D:5      | Entered Level 5 of the Dungeon
  4753 | D:5      | Found an opulent altar of Gozag.
  4803 | D:5      | Reached skill level 8 in Axes
  5073 | D:5      | 5073 ||| Stepping ~*~*~tactically~*~*~ (hiding).
  5201 | D:5      | Reached skill level 3 in Armour
  5563 | D:5      | 5563 ||| Stepping ~*~*~tactically~*~*~ (hiding).
  5566 | D:5      | 5566 ||| Stepping ~*~*~tactically~*~*~ (hiding).
  5868 | D:5      | Found a staircase to the Ecumenical Temple.
  5869 | D:5      | 5869 ||| PLANNING TEMPLE
  5869 | D:5      | 5869 ||| READING 3 scrolls labelled CUEDWU YS TUME.
  5870 | D:5      | 5870 ||| DROPPING 2 scrolls of magic mapping.
  5876 | Temple   | Entered the Ecumenical Temple
  6028 | Temple   | Became a worshipper of Warmaster Okawaru
  6373 | Temple   | 6373 ||| PLANNING D:1-11
  6424 | D:5      | Reached XP level 8. HP: 41/46 MP: 12/12
  6467 | D:5      | Noticed qw's ghost (amateur TeWr)
  6468 | D:5      | Found a white marble altar of Elyvilon.
  6477 | D:5      | Found a runed translucent gate.
  6477 | D:5      | Found a runed translucent gate.
  6478 | D:5      | Found a runed translucent gate.
  6479 | D:5      | 6479 ||| READING 3 scrolls of identify.
  6479 | D:5      | 6479 ||| IDENTIFYING smoky yellow potion
  6480 | D:5      | 6480 ||| READING 2 scrolls of identify.
  6480 | D:5      | 6480 ||| IDENTIFYING fizzy white potion
  6481 | D:5      | 6481 ||| DROPPING potion of attraction.
  6482 | D:5      | 6482 ||| DROPPING potion of lignification.
  6483 | D:5      | 6483 ||| Stepping randomly (stuck).
  6613 | D:5      | Found a shimmering blue altar of Sif Muna.
  6890 | D:5      | Reached skill level 9 in Axes
  7102 | D:5      | HP: 6/46 [acid (11)]
  7103 | D:5      | Splashed by a jelly's acid

Levels and vault maps discovered:
D:1:      dreamdust_arrival_beginning_and_end, layout_basic, minmay_lizard_king
D:2:      layout_basic, serial_glass, glass_columns_b, glass_columns_a,
          glass_columns_b, basic_altar, eino_curves_02, grunt_ministairs_15
D:3:      minmay_skewed_foursquare, layout_basic,
          mainiacjoe_overflow_cross_hatched
D:4:      layout_loops_cross, mainiacjoe_overflow_catwalk, serial_shops,
          nicolae_square_shop, serial_demonic, serial_demonic_d,
          serial_demonic_b, serial_demonic_b, serial_demonic_f,
          serial_demonic_g, serial_demonic_c, serial_demonic_a,
          minmay_misc_feat_hallway
D:5:      kennysheep_six_static_rooms, layout_basic, nzn_wu_jian_council_hall,
          mainiacjoe_overflow_alcove_1, grunt_gozag_statues,
          mainiacjoe_overflow_six_doors_small, minmay_temple_entry_trees,
          gammafunk_ghost_split
Temple:   chequers_temple_sunken

Skill      XL: |  1  2  3  4  5  6  7  8 |
---------------+-------------------------+-----
Axes           | 3 4 5 6 7 8 9 |  9.2
Armour         | 2 3 |  3.2
Fighting       | 3 |  3.0
Throwing       | |  1.0
Dodging        | |  2.1
Spellcasting   | |  2.0
Translocations | |  2.4

Action                   |  1- 3 |  4- 6 |  7- 9 || total
-------------------------+-------+-------+-------++-------
Melee: Hand axe          |    81 |    93 |       ||   174
       Kick              |    14 |    31 |    17 ||    62
       Peck              |    10 |    25 |    19 ||    54
       War axe           |       |    46 |    68 ||   114
       Punch             |       |     1 |       ||     1
Throw: Boomerang         |     7 |       |       ||     7
  Use: Scroll            |     6 |     4 |     5 ||    15
       Potion            |       |       |     1 ||     1
Armor: Leather armour    |    13 |       |       ||    13
       Chain mail        |    22 |    95 |    35 ||   152
Dodge: Dodged            |    30 |    46 |    25 ||   101

Table legend:
 A = Non-vault XP
 B = Vault XP
 C = Vault XP percentage of total XP
 D = Non-vault monster count
 E = Vault monster count
 F = Vault count percentage of total count
                 A         B        C        D         E       F
            +---------+---------+-------+---------+---------+-------
      Total |     857 |     440 |  33.9 |      78 |      31 |  28.4
            +---------+---------+-------+---------+---------+-------
        D:1 |      31 |       4 |  11.4 |      17 |       4 |  19.0
        D:2 |      55 |       3 |   5.2 |      20 |       2 |   9.1
        D:3 |     110 |      11 |   9.1 |      19 |       6 |  24.0
        D:4 |     353 |     125 |  26.2 |      13 |      13 |  50.0
        D:5 |     308 |     297 |  49.1 |       9 |       6 |  40.0
            +---------+---------+-------+---------+---------+-------
